[Event "Titled Tuesday Blitz September 27 Early 2022"]
[White "Gabdrakhmanov, Azat"]
[Black "Stanisz, Patryk"]
[WhiteFideId "34189197"]
[BlackFideId "1123106"]
[WhiteElo "2233"]
[BlackElo "1833"]
[Result "1-0"]
[Round "01"]
[TimeControl "180+1"]
[Date "2022.09.27"]
[WhiteClock "0:00:13"]
[BlackClock "0:00:02"]

1. e4 c5 2. Nf3 Nc6 3. d4 cxd4 4. Nxd4 Nf6 5. Nc3 e5 6. Ndb5 d6 7. Bg5 a6 8. Na3 b5 9. Bxf6 gxf6 10. Nd5 Bg7 11. c3 Ne7 12. Nxe7 Qxe7 13. Bd3 f5 14. O-O O-O 15. Re1 f4 16. Nc2 Qg5 17. f3 h5 18. Nb4 Be6 19. a4 h4 20. axb5 axb5 21. Bxb5 h3 22. Re2 Qh5 23. Nd5 Rxa1 24. Qxa1 Bxd5 25. exd5 hxg2 26. Rf2 Bf6 27. Be2 Kh8 28. Rxg2 e4 29. Qf1 Qxd5 30. fxe4 Qxe4 31. Bf3 Qe3+ 32. Kh1 Rg8 33. Re2 Qc5 34. Qh3+ Kg7 35. Rg2+ Bg5 36. Qh5 Kf8 37. h4 Qe3 38. hxg5 Qe1+ 39. Kh2 Qe3 40. Qh6+ Ke8 41. Re2 1-0


[Site "https://www.chess.com"]

[Event "Titled Tuesday Blitz September 27 Early 2022"]
[White "Gan-Od, Sereenen"]
[Black "Kislov, Oleg"]
[WhiteFideId "4901304"]
[BlackFideId "13503774"]
[WhiteElo "2316"]
[BlackElo "2185"]
[Result "1-0"]
[Round "01"]
[TimeControl "180+1"]
[Date "2022.09.27"]
[WhiteClock "0:01:19"]
[BlackClock "0:00:12"]

1. c4 e5 2. Nc3 Nf6 3. Nf3 Nc6 4. e4 Bb4 5. d3 Bxc3+ 6. bxc3 O-O 7. Be2 d6 8. O-O h6 9. h3 Qe7 10. Nh2 Nd8 11. f4 exf4 12. Bxf4 Ne6 13. Be3 c5 14. Qe1 Bd7 15. Qg3 Kh8 16. Rf2 Nh7 17. Raf1 f6 18. Bg4 Nd8 19. Bxd7 Qxd7 20. Ng4 Nf7 21. Bf4 Ne5 22. Bxe5 dxe5 23. Rd1 Ng5 24. Ne3 Rad8 25. Nd5 b6 26. h4 Ne6 27. Rdf1 Rf7 28. Rf3 Qd6 29. Qg6 Qf8 30. Rg3 Nc7 31. Rff3 Nxd5 32. cxd5 c4 33. dxc4 Rc8 34. d6 Rxc4 35. Rd3 Rd7 36. Qg4 Qd8 37. Rd5 Rc6 38. Kh2 Qe8 39. Rgd3 Rc8 40. a4 Rcd8 41. Qf5 Qf8 42. Qe6 Qf7 43. Qg4 Qf8 44. Qd1 Qf7 45. a5 Qe6 46. axb6 axb6 47. c4 Kh7 48. Kg3 g6 49. h5 gxh5 50. Qxh5 Rxd6 51. Kh2 Rxd5 52. cxd5 Qe8 53. Qh4 Qg6 54. Rg3 Qf7 55. Qg4 Rg8 56. Qf5+ Rg6 57. d6 Kg7 58. Rxg6+ Qxg6 59. Qxg6+ Kxg6 60. d7 1-0


[Site "https://www.chess.com"]

[Event "Titled Tuesday Blitz September 27 Early 2022"]
[White "Gatterer, Florian"]
[Black "Koellner, Ruben Gideon"]
[WhiteFideId "811688"]
[BlackFideId "12993093"]
[WhiteElo "2218"]
[BlackElo "2286"]
[Result "0-1"]
[Round "01"]
[TimeControl "180+1"]
[Date "2022.09.27"]
[WhiteClock "0:00:32"]
[BlackClock "0:00:37"]

1. Nf3 d6 2. d4 Nf6 3. c4 g6 4. g3 Bg7 5. Bg2 O-O 6. O-O Nbd7 7. Nc3 e5 8. e4 Re8 9. h3 h6 10. Re1 Kh7 11. Be3 a5 12. Qd2 c6 13. Rad1 Qc7 14. dxe5 dxe5 15. Qd6 Qxd6 16. Rxd6 Bf8 17. Rdd1 Bc5 18. Bxc5 Nxc5 19. Re2 Nh5 20. Ne1 Be6 21. b3 Red8 22. Red2 Rxd2 23. Rxd2 Ng7 24. Nb1 Kg8 25. Nd3 Nxd3 26. Rxd3 Kf8 27. Nc3 Ke7 28. Kf1 Bd7 29. Ke1 Ne6 30. Ne2 Nc5 31. Rd2 Be6 32. Nc3 f6 33. Ke2 a4 34. Nd5+ cxd5 35. exd5 axb3 36. axb3 Nxb3 37. Rb2 Nd4+ 38. Kd2 Bc8 39. f4 Ra3 40. d6+ Kxd6 41. Bxb7 Bxb7 42. Rxb7 Rxg3 43. Rb6+ Kc5 44. Rxf6 e4 45. h4 Kxc4 46. Rf8 e3+ 0-1


[Site "https://www.chess.com"]

[Event "Titled Tuesday Blitz September 27 Early 2022"]
[White "Gilmanov, Mansur"]
[Black "Bluebaum, Matthias"]
[WhiteFideId "4166868"]
[BlackFideId "24651516"]
[WhiteElo "2377"]
[BlackElo "2633"]
[Result "1-0"]
[Round "01"]
[TimeControl "180+1"]
[Date "2022.09.27"]
[WhiteClock "0:00:12"]
[BlackClock "0:01:35"]

1. d4 Nf6 2. Bg5 d5 3. e3 c5 4. c3 Nc6 5. Nd2 cxd4 6. exd4 h6 7. Bxf6 gxf6 8. Ngf3 e5 9. dxe5 fxe5 10. Bb5 Bg7 11. O-O O-O 12. Qa4 Bd7 13. Qh4 e4 14. Qxd8 Raxd8 15. Bxc6 bxc6 16. Nd4 Rb8 17. N2b3 Rfc8 18. Nc5 Be8 19. Rab1 a5 20. Nf5 Bf8 21. b4 axb4 22. cxb4 Ra8 23. a4 Kh7 24. Rfc1 Kg6 25. g4 Kf6 26. a5 h5 27. h3 hxg4 28. hxg4 Kg5 29. Nd4 Kxg4 30. Rb3 Kf4 31. Rh3 Ke5 32. Rd1 f5 33. Rh8 Bg7 34. Rh7 Bf6 35. Nde6 Bg6 36. Rh6 Rg8 37. Kf1 f4 38. Nd4 Kd6 39. Nb7+ Kc7 40. Nc5 f3 41. Nde6+ Kd6 42. Nf4 Bg5 43. Rxg6+ Rxg6 44. Nxg6 Rg8 45. Nxe4+ Kc7 46. Nxg5 Rxg6 47. Nxf3 Rf6 48. Nd4 Kb7 49. Rc1 Rf4 50. Nxc6 d4 51. Rc4 Rh4 52. Rxd4 Rh1+ 53. Kg2 Rh6 54. Ne5 Rh5 55. Ng4 Rg5 56. Rf4 Ka6 57. Kg3 Rg8 58. f3 Kb5 59. Rf5+ Kxb4 60. a6 Ra8 61. Rf6 Kc5 62. f4 Kd5 63. Kh4 Ke4 64. Kg5 Rg8+ 65. Rg6 Ra8 66. f5 Kd5 67. Re6 Rg8+ 68. Kf4 Rb8 69. Nf6+ Kc5 70. Ke5 Rb5 71. Rd6 Kc4+ 72. Ke6 Ra5 73. Nd7 Ra1 74. f6 Re1+ 75. Ne5+ Kc5 76. f7 Rf1 77. Rd8 Kb5 78. f8=Q Rxf8 79. Rxf8 Kxa6 80. Rb8 Ka5 81. Rb1 Ka4 82. Kd5 Ka3 83. Kc4 Ka2 84. Rb8 Ka3 85. Nc6 Ka2 86. Kc3 Ka3 87. Ra8# 1-0


[Site "https://www.chess.com"]

[Event "Titled Tuesday Blitz September 27 Early 2022"]
[White "Girel, Joseph"]
[Black "Pham, Khoi"]
[WhiteFideId "36033561"]
[BlackFideId "1054988"]
[WhiteElo "2104"]
[BlackElo "2443"]
[Result "1-0"]
[Round "01"]
[TimeControl "180+1"]
[Date "2022.09.27"]
[WhiteClock "0:02:04"]
[BlackClock "0:01:12"]

1. Nf3 f5 2. d3 Nc6 3. d4 e6 4. c4 Nf6 5. Nc3 d6 6. Bg5 Be7 7. e3 O-O 8. Bd3 Qe8 9. O-O e5 10. dxe5 dxe5 11. Nd5 Nxd5 12. cxd5 e4 13. dxc6 exf3 14. Qb3+ Kh8 15. Bxe7 Qxe7 16. cxb7 Qg5 17. g3 Bxb7 18. Qxb7 Qh5 19. Rfc1 Rab8 20. Qxc7 Rxb2 21. Rc2 Rbb8 22. Rac1 Rbe8 23. Qf4 1-0


[Site "https://www.chess.com"]

[Event "Titled Tuesday Blitz September 27 Early 2022"]
[White "Goltsev, Dmitry"]
[Black "Haitin, Ilja"]
[WhiteFideId "24176710"]
[BlackFideId "4501764"]
[WhiteElo "2257"]
[BlackElo "2243"]
[Result "1-0"]
[Round "01"]
[TimeControl "180+1"]
[Date "2022.09.27"]
[WhiteClock "0:00:50"]
[BlackClock "0:00:02"]

1. e4 d6 2. Nf3 Nf6 3. Nc3 e5 4. d4 exd4 5. Nxd4 Be7 6. h3 O-O 7. Be2 Re8 8. O-O Bf8 9. Bg5 h6 10. Bh4 Nc6 11. Bf3 Ne5 12. Nd5 g5 13. Bg3 Nxd5 14. exd5 Bg7 15. Re1 Nxf3+ 16. Nxf3 Bxb2 17. Rb1 Bg7 18. Qd3 b6 19. Rxe8+ Qxe8 20. Re1 Qf8 21. Nd4 Bd7 22. Qc4 Re8 23. Rd1 Rc8 24. Qa6 Qe7 25. Nc6 Qe4 26. Nxa7 Re8 27. Qb7 Qxc2 28. Rf1 f5 29. Bxd6 cxd6 30. Qxd7 Qe4 31. Nc6 Bf8 32. a4 Ra8 33. Rc1 Rxa4 34. Qb7 Rc4 35. Rf1 Rc2 36. Qxb6 Re2 37. Qb7 Re1 38. Qb5 Rxf1+ 39. Kxf1 f4 40. Nd8 Qe7 41. Ne6 Qa7 42. Qd3 Qa1+ 43. Ke2 Qf6 44. Qe4 Bg7 45. Kf3 Qe5 46. Qc4 Qf6 47. Qc8+ Kh7 48. Qd7 Qc3+ 49. Kg4 Kg6 50. Nxf4+ gxf4 51. Qf5# 1-0


[Site "https://www.chess.com"]

[Event "Titled Tuesday Blitz September 27 Early 2022"]
[White "Gorshtein, Ido"]
[Black "Runets, Ivan"]
[WhiteFideId "2815532"]
[BlackFideId "13511564"]
[WhiteElo "2850"]
[BlackElo "2495"]
[Result "0-1"]
[Round "01"]
[TimeControl "180+1"]
[Date "2022.09.27"]
[WhiteClock "0:00:48"]
[BlackClock "0:00:06"]

1. Nf3 Nf6 2. g3 g6 3. Bg2 Bg7 4. O-O O-O 5. d3 d5 6. Nbd2 c5 7. c4 Nc6 8. a3 b6 9. Rb1 a5 10. cxd5 Nxd5 11. a4 Bb7 12. Nc4 Qc7 13. Bd2 Rad8 14. Qc1 Rfe8 15. Bh6 Bh8 16. h4 Nd4 17. Nxd4 cxd4 18. h5 Rc8 19. hxg6 hxg6 20. Bf3 Nb4 21. Qd2 Bxf3 22. exf3 Bg7 23. Bxg7 Kxg7 24. b3 Qc6 25. Kg2 Rh8 26. Rh1 Nd5 27. Rbe1 f6 28. Qe2 e5 29. Qe4 Nc3 30. Qg4 Rxh1 31. Rxh1 Rg8 32. Rh4 Nd5 33. Qh3 Kf7 34. Rh7+ Rg7 35. Rh8 g5 36. Qh5+ Ke7 37. Qe8+ Qxe8 0-1


[Site "https://www.chess.com"]

[Event "Titled Tuesday Blitz September 27 Early 2022"]
[White "Gracia Alvarez, Gerardo Antonio"]
[Black "Svane, Frederik"]
[WhiteFideId "5109124"]
[BlackFideId "12923044"]
[WhiteElo "2483"]
[BlackElo "2819"]
[Result "0-1"]
[Round "01"]
[TimeControl "180+1"]
[Date "2022.09.27"]
[WhiteClock "0:00:02"]
[BlackClock "0:00:04"]

1. d4 Nf6 2. Bf4 Nh5 3. Bg5 h6 4. Bh4 g5 5. e3 Ng7 6. Bg3 Nf5 7. Bd3 d6 8. c3 Bg7 9. Nd2 a6 10. Qc2 e6 11. Ne2 O-O 12. e4 Nxg3 13. hxg3 c5 14. dxc5 dxc5 15. a4 Nc6 16. f4 Bd7 17. e5 Rb8 18. Ne4 gxf4 19. gxf4 c4 20. Bxc4 b5 21. axb5 axb5 22. Bd3 b4 23. Nf6+ Bxf6 24. Rxh6 b3 25. Qb1 Nxe5 26. fxe5 Bxe5 27. Bh7+ Kg7 28. Rg6+ fxg6 29. Qxg6+ Kh8 30. Qh5 Qe7 31. Be4+ Kg8 32. O-O-O Qg7 33. Rh1 Rf6 34. Bh7+ Kf8 35. g4 Bf4+ 36. Nxf4 Rxf4 37. g5 Rb5 38. Bd3 Rxg5 39. Qe2 Rg1+ 40. Rxg1 Qxg1+ 41. Qd1 Qxd1+ 0-1


[Site "https://www.chess.com"]

[Event "Titled Tuesday Blitz September 27 Early 2022"]
[White "Grandelius, Nils"]
[Black "Hnydiuk, Aleksander"]
[WhiteFideId "1710400"]
[BlackFideId "1109057"]
[WhiteElo "2617"]
[BlackElo "2374"]
[Result "1-0"]
[Round "01"]
[TimeControl "180+1"]
[Date "2022.09.27"]
[WhiteClock "0:01:11"]
[BlackClock "0:00:09"]

1. c3 d5 2. Nf3 Nf6 3. d4 Bf5 4. Qb3 Qc8 5. c4 e6 6. cxd5 exd5 7. Nc3 c6 8. Bf4 Be7 9. e3 O-O 10. Be2 Nbd7 11. Rc1 Re8 12. O-O Nh5 13. Nxd5 Nxf4 14. Nxf4 Bd6 15. Nd3 Rb8 16. Rfd1 Qd8 17. Nc5 Qf6 18. Nxd7 Bxd7 19. Ne5 Be6 20. Qc3 Rbd8 21. f4 Bd5 22. Bd3 h6 23. Rf1 Qe7 24. Rce1 c5 25. dxc5 Bxc5 26. a3 Bb6 27. Bb1 g6 28. Ng4 Rd6 29. Nxh6+ Kh7 30. Ng4 Re6 31. f5 Re4 32. Bxe4 Bxe4 33. Nf6+ Kh6 34. Nxe8 Qxe8 35. Qf6 Bd3 36. Rf3 1-0


[Site "https://www.chess.com"]

[Event "Titled Tuesday Blitz September 27 Early 2022"]
[White "Gu, Xiaobing"]
[Black "Azadaliyev, Jahandar"]
[WhiteFideId "8602611"]
[BlackFideId "13425811"]
[WhiteElo "2174"]
[BlackElo "1810"]
[Result "1-0"]
[Round "01"]
[TimeControl "180+1"]
[Date "2022.09.27"]
[WhiteClock "0:00:59"]
[BlackClock "0:00:22"]

1. e4 c6 2. Nc3 d5 3. Nf3 e6 4. Be2 Nd7 5. O-O Bd6 6. d4 dxe4 7. Nxe4 Qc7 8. Nxd6+ Qxd6 9. c3 Ngf6 10. Re1 O-O 11. Bd3 Qc7 12. Ne5 b6 13. Bf4 Nxe5 14. Bxe5 Qe7 15. Qf3 Bb7 16. Qh3 h6 17. Re3 Nd7 18. Bf4 Qf6 19. Bd6 Rfe8 20. Rf3 Qg5 21. Rg3 Qf6 22. Re1 c5 23. Be5 Nxe5 24. dxe5 Qg5 25. Rxg5 hxg5 26. Qh7+ Kf8 27. Qh8+ Ke7 28. Qxg7 Rad8 29. Qf6+ Kf8 30. Bg6 Rd7 31. h4 gxh4 32. Qh8+ Ke7 33. Qxh4+ Kf8 34. Be4 Bxe4 35. Rxe4 Rd5 36. Qh8+ Ke7 37. Qf6+ Kf8 38. Rh4 1-0


[Site "https://www.chess.com"]

[Event "Titled Tuesday Blitz September 27 Early 2022"]
[White "Halkias, Stelios"]
[Black "Gulevich, Artem"]
[WhiteFideId "4201809"]
[BlackFideId "24119580"]
[WhiteElo "2453"]
[BlackElo "2218"]
[Result "0-1"]
[Round "01"]
[TimeControl "180+1"]
[Date "2022.09.27"]
[WhiteClock "0:00:11"]
[BlackClock "0:00:07"]

1. d4 d5 2. c4 c6 3. Nf3 Nf6 4. Nc3 e6 5. e3 Nbd7 6. Be2 Bd6 7. O-O O-O 8. b3 Qe7 9. Bb2 Ba3 10. Qc1 Bxb2 11. Qxb2 dxc4 12. bxc4 e5 13. a4 a5 14. Qa3 Qxa3 15. Rxa3 exd4 16. exd4 Rd8 17. Raa1 Nb8 18. c5 Na6 19. Bxa6 Rxa6 20. Rab1 Ra8 21. h3 Ra7 22. Ne5 Bf5 23. Rb6 Nd7 24. Nxd7 Rxd7 25. d5 Rc7 26. d6 Rd7 27. Re1 Kf8 28. g4 Bd3 29. Re3 Ba6 30. f4 Ra8 31. Kf2 Re8 32. f5 Rxe3 33. Kxe3 Rd8 34. Kf4 Ke8 35. Ne4 Kd7 36. Ng5 f6 37. Ne6 Re8 38. Rb1 g6 39. Re1 Bc4 40. g5 Bxe6 41. fxe6+ Rxe6 42. Rxe6 Kxe6 43. gxf6 Kxf6 44. h4 h6 45. Ke4 Ke6 46. Kd4 b6 47. Kc4 g5 48. hxg5 hxg5 49. Kd4 g4 50. cxb6 Kxd6 51. Ke4 c5 52. Kf4 c4 53. Ke3 g3 54. Kf3 c3 55. Kxg3 c2 56. Kf2 c1=Q 57. Ke2 Qb2+ 0-1


[Site "https://www.chess.com"]

[Event "Titled Tuesday Blitz September 27 Early 2022"]
[White "Hansen, Eric"]
[Black "Sellitti, Federico"]
[WhiteFideId "2606771"]
[BlackFideId "821829"]
[WhiteElo "2863"]
[BlackElo "2505"]
[Result "1/2-1/2"]
[Round "01"]
[TimeControl "180+1"]
[Date "2022.09.27"]
[WhiteClock "0:00:02"]
[BlackClock "0:00:21"]

1. d4 d5 2. c4 Nc6 3. Nc3 dxc4 4. d5 Na5 5. Qa4+ c6 6. b4 b5 7. Qxa5 Qxa5 8. bxa5 b4 9. Na4 cxd5 10. e4 e6 11. exd5 exd5 12. Be3 Nf6 13. O-O-O Bf5 14. Nf3 Be7 15. h3 O-O 16. g4 Bg6 17. Ne5 Rfd8 18. Nc6 Re8 19. Nxe7+ Rxe7 20. g5 Ne4 21. Rxd5 Nxf2 22. Bxf2 Be4 23. Bxc4 Bxh1 24. Rd4 Rc8 25. Kd2 Re5 26. h4 Rxa5 27. Bb3 Rf5 28. Be3 Kf8 29. Rd7 Bc6 30. Rxa7 Rd8+ 31. Kc2 Rf3 32. Bc5+ Kg8 33. Re7 Bxa4 34. Bxa4 Rc3+ 35. Kb2 Rxc5 36. Bb3 Rf5 37. Re4 h6 38. g6 Rf2+ 39. Kc1 Rf3 40. gxf7+ Kf8 41. Rxb4 Rxf7 42. Bxf7 Kxf7 43. a4 g5 44. hxg5 hxg5 45. a5 Ra8 46. Ra4 Ke6 47. Kd2 Kd5 48. Rg4 Kc5 49. Kc3 Rxa5 50. Rxg5+ Kb6 51. Rxa5 Kxa5 1/2-1/2


[Site "https://www.chess.com"]

[Event "Titled Tuesday Blitz September 27 Early 2022"]
[White "Harsha Bharathakoti"]
[Black "Al-Tarboush, Ward"]
[WhiteFideId "5078776"]
[BlackFideId "7601450"]
[WhiteElo "2884"]
[BlackElo "2510"]
[Result "1-0"]
[Round "01"]
[TimeControl "180+1"]
[Date "2022.09.27"]
[WhiteClock "0:00:05"]
[BlackClock "0:00:01"]

1. c4 c5 2. Nf3 Nc6 3. d4 cxd4 4. Nxd4 Nf6 5. Nc3 e6 6. g3 Qb6 7. Nb3 Bb4 8. Bg2 O-O 9. O-O d6 10. Be3 Qd8 11. Rc1 Bd7 12. Nb5 d5 13. cxd5 Nxd5 14. Bxd5 exd5 15. Qxd5 Be6 16. Qxd8 Raxd8 17. Nc5 Bd2 18. Bxd2 Rxd2 19. Nxb7 Ne5 20. Nc5 Bxa2 21. Nc3 Rxb2 22. Ra1 Bc4 23. Rfe1 Rc2 24. Rec1 Rxc1+ 25. Rxc1 Rc8 26. N5e4 Rc6 27. Rd1 h6 28. f3 a5 29. Rd8+ Kh7 30. Kf2 Bb3 31. Nb5 a4 32. Nd4 Ra6 33. Nxb3 axb3 34. Rb8 Ra3 35. Nc5 Ra2 36. Rxb3 Rc2 37. Ne4 Nc6 38. Rc3 Rxc3 39. Nxc3 Kg6 40. Ke3 Kf6 41. Ke4 Ke6 42. h4 f5+ 43. Kf4 Nd4 44. h5 Nc6 45. Nb5 Kf6 46. Nd6 Ne7 47. e4 fxe4 48. fxe4 Ke6 49. Nf5 g5+ 50. hxg6 Nxg6+ 51. Kg4 Ke5 52. Nxh6 Kxe4 53. Kg5 Ne5 54. Nf5 Nf3+ 55. Kg4 Ne5+ 56. Kg5 Nf3+ 57. Kf6 Nh2 58. Nh4 Ke3 59. Kf5 Kf2 60. Kf4 Ke2 61. Nf5 Kf2 62. Nd4 Kg2 63. Nc2 Kh3 64. Ne3 Nf3 65. Kxf3 1-0


[Site "https://www.chess.com"]

[Event "Titled Tuesday Blitz September 27 Early 2022"]
[White "Huber, Benedikt"]
[Black "Wagner, Dennis"]
[WhiteFideId "12923583"]
[BlackFideId "24650684"]
[WhiteElo "1979"]
[BlackElo "2355"]
[Result "0-1"]
[Round "01"]
[TimeControl "180+1"]
[Date "2022.09.27"]
[WhiteClock "0:00:28"]
[BlackClock "0:01:59"]

1. d4 Nf6 2. Nc3 d5 3. Bf4 c5 4. e4 Nxe4 5. Nxe4 dxe4 6. dxc5 Qa5+ 7. c3 Qxc5 8. Qa4+ Nc6 9. Qxe4 g6 10. Nf3 Bg7 11. Be2 O-O 12. O-O Bf5 13. Qe3 Qxe3 14. Bxe3 Rfd8 15. Rfd1 e5 16. Nd2 Rd7 17. Nb3 Rad8 18. Rxd7 Rxd7 19. Nc5 Rc7 20. Bf3 Nd4 21. cxd4 exd4 22. Nxb7 dxe3 23. fxe3 Bxb2 24. Rd1 Bc1 25. e4 Be3+ 26. Kf1 Be6 27. a3 Rxb7 0-1


[Site "https://www.chess.com"]

[Event "Titled Tuesday Blitz September 27 Early 2022"]
[White "Ibrahimli, Murad"]
[Black "Camacho Collados, Jose"]
[WhiteFideId "13410229"]
[BlackFideId "2265427"]
[WhiteElo "2830"]
[BlackElo "2493"]
[Result "1-0"]
[Round "01"]
[TimeControl "180+1"]
[Date "2022.09.27"]
[WhiteClock "0:01:45"]
[BlackClock "0:00:57"]

1. Nf3 b6 2. d4 Bb7 3. c4 e6 4. g3 Nf6 5. Bg2 Bb4+ 6. Nbd2 O-O 7. O-O Re8 8. a3 Bf8 9. Qc2 d6 10. e4 Nbd7 11. h3 c5 12. e5 Nh5 13. Ng5 Qxg5 14. Bxb7 Nxg3 15. fxg3 Qxg3+ 16. Bg2 Qe3+ 17. Kh1 dxe5 18. Ne4 Qxd4 19. Rd1 f5 20. Rxd4 exd4 21. Ng5 Rad8 22. Nxe6 Ne5 23. Nxd8 d3 24. Bd5+ Kh8 25. Qxd3 Nxd3 26. Nf7+ Kg8 27. Nd6+ Kh8 28. Nxe8 Be7 29. Bd2 g5 30. Bc3+ Bf6 31. Bxf6# 1-0


[Site "https://www.chess.com"]

[Event "Titled Tuesday Blitz September 27 Early 2022"]
[White "Ismayil, Malak"]
[Black "Priasmoro, Novendra"]
[WhiteFideId "13412604"]
[BlackFideId "7105029"]
[WhiteElo "1879"]
[BlackElo "2309"]
[Result "0-1"]
[Round "01"]
[TimeControl "180+1"]
[Date "2022.09.27"]
[WhiteClock "0:00:03"]
[BlackClock "0:00:21"]

1. e4 c5 2. Nf3 Nc6 3. Bb5 e6 4. Bxc6 bxc6 5. d3 Ne7 6. b3 Ng6 7. Bb2 f6 8. Nbd2 d5 9. h4 h5 10. g3 Bd6 11. Qe2 e5 12. Nh2 Be6 13. Nhf1 a5 14. a4 Qe7 15. Ne3 Qd7 16. exd5 cxd5 17. Qf3 Ne7 18. c4 Bc7 19. Rc1 Bb6 20. Ba3 Rc8 21. O-O d4 22. Ng2 Bg4 23. Qe4 O-O 24. f3 Bf5 25. Qe2 Qe8 26. Ne4 Qg6 27. Kh2 Rc6 28. Ne1 Rb8 29. Nc2 Ba7 30. Na1 Bd7 31. Rg1 Nf5 32. Rce1 Ne3 33. Bc1 f5 34. Bxe3 fxe4 35. Bg5 exd3 36. Qxe5 Re8 37. Qd5+ Qf7 38. Qxf7+ Kxf7 39. Rxe8 Bxe8 40. Re1 Re6 41. Rxe6 Kxe6 42. Kg2 Bb8 43. Kf2 Bg6 44. Bd2 Bc7 45. Kg2 Bf5 46. Kf2 Bh3 47. Bc1 Kf5 48. Bd2 Bd8 49. Be1 g5 50. hxg5 Kxg5 51. Bd2+ Kf5 52. Be1 Ke5 53. Bd2 Bf5 54. Bf4+ Ke6 55. Bd2 Bg6 56. Bf4 Kf5 57. Bd2 Bc7 58. Be1 Be8 59. Bd2 Bd7 60. Be1 Kf6 61. Bd2 Kg6 62. Be1 Bd8 63. Bd2 h4 64. g4 Bc7 65. Kg2 Bg3 66. Bxa5 Bf4 67. Kf2 h3 68. b4 d2 69. Ke2 h2 70. bxc5 h1=Q 71. Bxd2 Qg2+ 72. Kd3 Qxd2+ 73. Ke4 Bc6# 0-1


[Site "https://www.chess.com"]

[Event "Titled Tuesday Blitz September 27 Early 2022"]
[White "Jakubowski, Krzysztof"]
[Black "Szente Varga, Fruzsina"]
[WhiteFideId "1112848"]
[BlackFideId "712264"]
[WhiteElo "2306"]
[BlackElo "1994"]
[Result "1-0"]
[Round "01"]
[TimeControl "180+1"]
[Date "2022.09.27"]
[WhiteClock "0:00:05"]
[BlackClock "0:00:04"]

1. e4 e6 2. d4 d5 3. Nc3 Bb4 4. e5 Ne7 5. a3 Bxc3+ 6. bxc3 O-O 7. h4 c5 8. h5 Nf5 9. g4 Nh6 10. Nf3 cxd4 11. cxd4 f6 12. Bxh6 gxh6 13. Qd2 Kg7 14. Rg1 Nc6 15. Be2 Bd7 16. Rb1 b6 17. Rb3 fxe5 18. dxe5 Rxf3 19. Rxf3 Qg5 20. Qxg5+ hxg5 21. Re3 Nd4 22. Kd2 Rc8 23. Bd1 Bb5 24. Rc3 Rf8 25. Rc7+ Kg8 26. Ke3 Nc6 27. Be2 Bxe2 28. Rxc6 Bc4 29. Rc7 Rf4 30. h6 Re4+ 31. Kd2 Rxe5 32. Rg7+ Kh8 33. Rxa7 Kg8 34. Rg7+ Kh8 35. Rg3 Re2+ 36. Kc3 Rxf2 37. Rb7 Rf8 38. Re3 Rc8 39. Kb4 d4 40. Rf3 Bd5 41. Rc7 Rd8 42. Rff7 e5 43. Rxh7+ Kg8 44. Rcg7+ Kf8 45. Rh8+ 1-0


[Site "https://www.chess.com"]

[Event "Titled Tuesday Blitz September 27 Early 2022"]
[White "Janaszak, Dawid"]
[Black "Andreikin, Dmitry"]
[WhiteFideId "1119206"]
[BlackFideId "4158814"]
[WhiteElo "2165"]
[BlackElo "2736"]
[Result "1/2-1/2"]
[Round "01"]
[TimeControl "180+1"]
[Date "2022.09.27"]
[WhiteClock "0:00:07"]
[BlackClock "0:00:47"]

1. e4 c5 2. Nc3 a6 3. d4 cxd4 4. Qxd4 Nc6 5. Qd2 e6 6. Nf3 Qc7 7. b3 Nf6 8. Bb2 Bd6 9. g3 Bb4 10. Bd3 d5 11. exd5 exd5 12. a3 Ba5 13. b4 Bb6 14. O-O-O O-O 15. Na4 Ne4 16. Bxe4 dxe4 17. Qc3 f6 18. Nxb6 Qxb6 19. Qc4+ Kh8 20. Qxe4 a5 21. b5 Qxb5 22. Rd5 Qb6 23. Rh5 h6 24. Nh4 Qxf2 25. Ng6+ Kg8 26. Nxf8 Kxf8 27. Re1 Bg4 28. Rd5 Bf3 29. Rf5 Bxe4 30. Rxf2 Bg6 31. Rd2 Rc8 32. Ree2 b5 33. Rd7 b4 34. axb4 Nxb4 35. Ba3 Bf5 36. Rb7 Rc4 37. Kb2 Kg8 38. Bxb4 axb4 39. Kb3 Rc3+ 40. Kxb4 Rxc2 41. Rxc2 Bxc2 42. Kc5 Be4 43. Rc7 Kf8 44. Kd4 Bb1 45. Kd5 Ba2+ 46. Kd6 Bb3 47. Rb7 Ba2 48. Ra7 Bb3 49. Rb7 Ba2 50. Ra7 Bb3 51. Rb7 1/2-1/2


[Site "https://www.chess.com"]

[Event "Titled Tuesday Blitz September 27 Early 2022"]
[White "Jean Louis, Marckens"]
[Black "Winterberg, Lukas"]
[WhiteFideId "11900270"]
[BlackFideId "24622702"]
[WhiteElo "2031"]
[BlackElo "2349"]
[Result "1-0"]
[Round "01"]
[TimeControl "180+1"]
[Date "2022.09.27"]
[WhiteClock "0:01:29"]
[BlackClock "0:01:08"]

1. d4 g6 2. Nf3 Bg7 3. e4 d6 4. Bc4 a6 5. a4 e6 6. O-O b6 7. Nc3 Bb7 8. Re1 Ne7 9. Bg5 h6 10. Be3 Nd7 11. Qd2 g5 12. d5 Bxc3 13. Qxc3 e5 14. b4 Ng6 15. Bf1 g4 16. Nd2 h5 17. a5 b5 18. Qd3 h4 19. c4 bxc4 20. Qxc4 g3 21. fxg3 hxg3 22. h3 Nf4 23. Bxf4 exf4 24. e5 Nxe5 25. Qxf4 Bxd5 26. Rxe5+ Be6 27. Ree1 Qb8 28. Ne4 Kd7 29. b5 axb5 30. a6 Qb6+ 31. Kh1 Rxa6 32. Rab1 Ra2 33. Bxb5+ Kd8 34. Qf6+ Kc8 35. Qxh8+ Kb7 36. Bc6+ Kxc6 37. Rxb6+ Kxb6 38. Qb8+ Kc6 39. Rc1+ Kd5 40. Nc3+ 1-0


[Site "https://www.chess.com"]

[Event "Titled Tuesday Blitz September 27 Early 2022"]
[White "Jiganchine, Roman"]
[Black "Niekras, Dawid"]
[WhiteFideId "2603667"]
[BlackFideId "1160451"]
[WhiteElo "2275"]
[BlackElo "2296"]
[Result "0-1"]
[Round "01"]
[TimeControl "180+1"]
[Date "2022.09.27"]
[WhiteClock "0:01:33"]
[BlackClock "0:01:51"]

1. Nf3 g6 2. e4 c5 3. c3 Bg7 4. d4 cxd4 5. cxd4 d5 6. e5 Bg4 7. Nc3 Nc6 8. Be3 e6 9. Be2 Nge7 10. h3 Bxf3 11. Bxf3 O-O 12. O-O Nf5 13. Qe2 Nfxd4 14. Bxd4 Nxd4 15. Qd3 Nxf3+ 16. Qxf3 Bxe5 17. Rad1 Qf6 18. Qd3 Bxc3 19. bxc3 Rac8 20. Rb1 b6 21. Qa6 Rc7 22. Rb3 Rfc8 23. a4 Qe7 24. Rc1 d4 25. c4 Rc5 26. Rd3 Qc7 0-1


[Site "https://www.chess.com"]

[Event "Titled Tuesday Blitz September 27 Early 2022"]
[White "Jimenez Almeida, Luis David"]
[Black "Kosakowski, Jakub"]
[WhiteFideId "22242244"]
[BlackFideId "1185080"]
[WhiteElo "2502"]
[BlackElo "2862"]
[Result "1-0"]
[Round "01"]
[TimeControl "180+1"]
[Date "2022.09.27"]
[WhiteClock "0:00:14"]
[BlackClock "0:00:01"]

1. Nf3 d5 2. b3 Nf6 3. Bb2 g6 4. c4 dxc4 5. bxc4 Bg7 6. g3 O-O 7. Bg2 c5 8. O-O Nc6 9. d3 Qc7 10. Nc3 Rd8 11. Rb1 e5 12. Nd2 Be6 13. Nde4 Nxe4 14. Nxe4 Bxc4 15. Nxc5 Bxa2 16. Rc1 Bd5 17. Bxd5 Rxd5 18. Qb3 Ne7 19. Ne6 Qd6 20. Nc7 Rb8 21. Nxd5 Nxd5 22. Ba3 Qd7 23. Rc5 Nf6 24. Kg2 b6 25. Rc2 Nd5 26. Rfc1 Rd8 27. Bb2 Qg4 28. Qc4 Qg5 29. Kf1 h5 30. Qe4 f5 31. Qf3 h4 32. Rc8 Kh7 33. Rxd8 Qxd8 34. gxh4 Nf4 35. Rc6 Qxh4 36. Qg3 Qh5 37. f3 Nd5 38. Bxe5 Ne3+ 39. Kf2 f4 40. Bxf4 Nf5 41. Qg4 Bd4+ 42. Ke1 1-0


[Site "https://www.chess.com"]

[Event "Titled Tuesday Blitz September 27 Early 2022"]
[White "Jovic, Stanoje"]
[Black "Csonka, Balazs"]
[WhiteFideId "905020"]
[BlackFideId "742910"]
[WhiteElo "2238"]
[BlackElo "2404"]
[Result "0-1"]
[Round "01"]
[TimeControl "180+1"]
[Date "2022.09.27"]
[WhiteClock "0:00:35"]
[BlackClock "0:00:15"]

1. c4 e5 2. g3 h5 3. h3 Nc6 4. Bg2 Bc5 5. Nc3 d6 6. Nf3 Be6 7. b3 f6 8. e3 Nge7 9. d4 Bb4 10. Bd2 exd4 11. Nxd4 Nxd4 12. exd4 c6 13. O-O Qd7 14. Kh2 Bxc3 15. Bxc3 d5 16. Re1 h4 17. g4 Kf7 18. c5 Rae8 19. Bd2 Qc7+ 20. Kh1 Ng6 21. Qc1 Bd7 22. Qc3 Nf4 23. Qf3 g5 24. Re3 f5 25. Rxe8 Rxe8 26. gxf5 Bxf5 27. Re1 Rxe1+ 28. Bxe1 Be4 29. Qg4 Bxg2+ 30. Kg1 Qe7 31. Bd2 Bxh3 32. Qf3 Qe2 33. Qxe2 Nxe2+ 34. Kh2 Bf5 35. Bxg5 Nxd4 36. Bxh4 Nf3+ 37. Kg3 Nxh4 38. Kxh4 d4 0-1


[Site "https://www.chess.com"]